 Dungeon Crawl Stone Soup version 0.29.0-13-gc9e81de378 (webtiles) character file.

Game seed: 7155618864362403477

78 Arum the Covered (level 4, -5/37 HPs)
             Began as a Formicid Fighter on Sept 9, 2022.
             Slain by a gnoll
             ... wielding a +2 vorpal flail
              (7 damage)
             ... on level 1 of the Dungeon.
             The game lasted 00:01:42 (1842 turns).

Arum the Covered (Formicid Fighter)                 Turns: 1842, Time: 00:01:42

Health: -5/37      AC:  7    Str: 22    XL:     4   Next: 61%
Magic:  4/4        EV:  9    Int:  8    God:
Gold:   123        SH:  5    Dex: 13    Spells: 3/3 levels left

rFire   . . .      SeeInvis +   a - +0 flail
rCold   . . .      Faith    .   c - +0 buckler
rNeg    . . .      Spirit   .   b - +0 scale mail
rPois   .          Reflect  .   (helmet unavailable)
rElec   .          Harm     .   (no cloak)
rCorr   .          Rampage  .   (no gloves)
Will    .....                   (no boots)
Stlth   ..........              (no amulet)
HPRegen 0.12/turn               (no ring)
MPRegen 0.09/turn               (no ring)

@: no status effects
A: permanent stasis, dig shafts and tunnels, antennae 3, four strong arms
a: Dig, Shaft Self


You were on level 1 of the Dungeon.
You visited 1 branch of the dungeon, and saw 2 of its levels.

You collected 123 gold pieces.

Inventory:

Hand Weapons
 a - a +0 flail (weapon)
Armour
 b - a +0 scale mail (worn)
 c - a +0 buckler (worn)
Scrolls
 g - a scroll of vulnerability {unknown}
 i - a scroll of brand weapon {unknown}
 j - 2 scrolls of enchant armour {unknown}
 k - a scroll of acquirement {unknown}
 l - 3 scrolls of teleportation {unknown}
 m - 2 scrolls of identify {unknown}
 o - a scroll of noise {unknown}
 q - 2 scrolls of blinking {unknown}
Potions
 d - a potion of might
 e - a potion of heal wounds {unknown}
 f - a potion of degeneration {unknown}
 h - a potion of haste {unknown}
 n - a potion of attraction {unknown}
 p - a potion of resistance {unknown}


   Skills:
 + Level 4.1 Fighting
 + Level 3.0 Maces & Flails
 + Level 4.2 Armour
 - Level 4.0 Shields


You had 3 spell levels left.
You didn't know any spells.
Your spell library contained the following spells:

 Spells                   Type           Power      Damage    Failure   Level
 Foxfire                  Conj/Fire      0%         2x1d4     80%         1
 Conjure Flame            Conj/Fire      0%         6-21      99%         3
 Inner Flame              Hex/Fire       0%         N/A       99%         3
 Lesser Beckoning         Tloc           0%         N/A       99%         3
 Flame Wave               Conj/Fire      0%         2d4       100%        4
 Manifold Assault         Tloc           0%         N/A       100%        5
 Blink                    Tloc           Unusable   N/A       N/A         2

Dungeon Overview and Level Annotations

Branches:
Dungeon (2/15)

Altars:


Innate Abilities, Weirdness & Mutations

You cannot be hasted, slowed, berserked, paralysed or teleported.
You can dig through walls and to a lower floor.
You have a pair of large antennae on your head. (SInv)
Your four strong arms can wield two-handed weapons with a shield.


Message History

The gnoll closely misses you.
The gnoll hits you but does no damage. x3
You barely miss the gnoll.
The gnoll is almost dead.
The gnoll hits you but does no damage. The gnoll hits you with a +0 club.
You hit the gnoll.
The gnoll is almost dead.
The gnoll hits you with a +0 club. You block the gnoll's attack.
You hit the gnoll.
You kill the gnoll!
The gnoll hits you but does no damage. You block the gnoll's attack.
The gnoll hits you but does no damage.
Your life force feels restored.
Your Maces & Flails skill increases to level 3!
You barely miss the gnoll. You block the gnoll's attack.
The gnoll hits you but does no damage.
You hit the gnoll.
The gnoll is lightly wounded.
The gnoll hits you with a +2 vorpal flail.
The gnoll hits you with a +0 club.
You barely miss the gnoll.
The gnoll is lightly wounded.
The gnoll hits you with a +2 vorpal flail!
The gnoll hits you but does no damage.
The gnoll hits you with a +2 vorpal flail.
The gnoll hits you with a +0 club.
* * * LOW HITPOINT WARNING * * *
The gnoll attacks as you move away! The gnoll barely misses you.
There is a stone staircase leading up here.
Unknown command.
You block the gnoll's attack.
You climb upwards.
There is a stone staircase leading down here.
You barely miss the gnoll.
The gnoll is lightly wounded.
The gnoll hits you with a +2 vorpal flail.
* * * LOW HITPOINT WARNING * * *
x2 You barely miss the gnoll.
The gnoll is lightly wounded.
The gnoll hits you with a +2 vorpal flail!
You die...

#.######........###..##.# #....
#.....................#.# #.###
.....###................# #.###
####.# #..............#### #.##.
#.# ##.#...####.......####.#..
#.# #.##.## #..#.......[.... #.#
#.##.#####..####.####....
#.####.##....g.....##.##....♣♣
#.#..........@...#..#....♣♣♣♣
#....####.##.##.##.....♣.♣♣
#..#..###.##.##.........♣.♣
#.###>....##.#####....♣♣♣.♣ ♣
#..#..#####.#.##.....♣♣...♣♣♣♣
#####...#####.###.#.....♣♣.♣♣♣...
.............####.....♣♣♣~♣♣...♣♣
######.######.##..♣♣♣♣♣♣≈~≈..♣♣♣
#.#######..♣♣♣ ♣♣♣~~≈♣♣♣


You could see a gnoll.

Vanquished Creatures
  A gnoll (D:2)
  An adder (D:2)
  3 dart slugs
  5 ball pythons
  6 endoplasms
  6 hobgoblins
  4 jackals (D:1)
  3 quokkas (D:1)
  2 bats (D:1)
  5 frilled lizards
  5 goblins
  3 kobolds
  9 rats
53 creatures vanquished.

Notes
Turn   | Place    | Note
-------+----------+-------------------------------------------
     0 | D:1      | Arum the Formicid Fighter began the quest for the Orb.
     0 | D:1      | Reached XP level 1. HP: 18/18 MP: 1/1
   126 | D:1      | Reached XP level 2. HP: 17/24 MP: 2/2
   456 | D:1      | Reached XP level 3. HP: 30/30 MP: 3/3
  1596 | D:2      | Reached XP level 4. HP: 34/37 MP: 4/4
  1842 | D:1      | Slain by a gnoll

Illustrated notes

Levels and vault maps discovered:
D:1:      kilobyte_arrival_exit_the_forest, layout_loops_ring, minmay_quantized
D:2:      kennysheep_six_static_rooms, layout_rooms

Skill      XL: |  1  2  3  4 |
---------------+-------------+-----
Armour         | 4 |  4.2
Fighting       | 4 |  4.1
Maces & Flails | 3 |  3.0
Shields        | |  4.0

Action                   |  1- 3 |  4- 6 || total
-------------------------+-------+-------++-------
Melee: Flail             |   150 |    33 ||   183
 Abil: Dig               |       |     1 ||     1
Armor: Scale mail        |    72 |    23 ||    95
Dodge: Dodged            |    71 |    16 ||    87
Block: Buckler           |    26 |    14 ||    40
